 Dungeon Crawl Stone Soup version 0.20.0-15-g7f486f2 (webtiles) character file.

44 maniacrov the Shooter (level 3, -2/30 HPs)
             Began as a Centaur Hunter on June 15, 2017.
             Slain by an ogre
             ... wielding a +0 giant club
              (15 damage)
             ... on level 3 of the Dungeon.
             The game lasted 00:06:49 (1348 turns).

maniacrov the Shooter (Centaur Hunter)              Turns: 1348, Time: 00:06:50

Health: -2/30      AC:  4    Str: 14    XL:     3   Next: 39%
Magic:  3/3        EV:  9    Int: 10    God:
Gold:   56         SH:  0    Dex: 10    Spells: 2/2 levels left

rFire    . . .     SeeInvis .   a - +1 shortbow
rCold    . . .     Gourm    .   (shield currently unavailable)
rNeg     . . .     Faith    .   c - +0 leather armour
rPois    .         Spirit   .   (no helmet)
rElec    .         Reflect  .   (no cloak)
rCorr    .         Harm     .   (no gloves)
MR       .....                  (no barding)
Stlth    +.........             (no amulet)
Regen    0.1/turn               (no ring)
MPRegen  0.1/turn               (no ring)

@: very quick
A: hooves 3, deformed body, speed 2, tough skin 3
a: no special abilities


You were on level 3 of the Dungeon.
You were not hungry.

You visited 1 branch of the dungeon, and saw 3 of its levels.

You collected 56 gold pieces.

Inventory:

Hand Weapons
 a - a +1 shortbow (weapon)
 m - a +4 spear
Missiles
 d - 31 arrows (quivered)
Armour
 c - a +0 leather armour (worn)
Scrolls
 b - 2 scrolls of teleportation {unknown}
 e - a scroll of immolation {unknown}
 i - a scroll of identify
 k - 2 scrolls of remove curse {unknown}
 l - 2 scrolls of blinking {unknown}
 n - a scroll of fear {unknown}
 o - a scroll of enchant armour {unknown}
 q - a scroll of recharging {unknown}
 t - a scroll of amnesia {unknown}
Potions
 g - a potion of curing {unknown}
 j - a potion of mutation {unknown}
 s - a potion of lignification {unknown}
Comestibles
 f - 4 bread rations
 h - 3 royal jellies
 p - a meat ration


   Skills:
 * Level 2.4 Fighting
 * Level 6.4 Bows
 + Level 1.6 Dodging
 - Level 0.4 Stealth


You had 2 spell levels left.
You didn't know any spells.

Dungeon Overview and Level Annotations

Branches:
Dungeon (3/15)

Altars:
Dithmenos


Innate Abilities, Weirdness & Mutations

You have hooves in place of feet.
Armour fits poorly on your strangely shaped body.
You cover ground very quickly.
You have extremely tough skin. (AC +3)


Message History

Firing (i - inventory):
d - 34 arrows (quivered)
Press: ? - help, Shift-Dir - straight line, f/p - ogre
Aim: an ogre, wielding a giant club (heavily wounded)
You shoot an arrow. The arrow barely misses the ogre.
The ogre barely misses you.
Firing (i - inventory):
d - 33 arrows (quivered)
Press: ? - help, Shift-Dir - straight line, f/p - ogre
Aim: an ogre, wielding a giant club (heavily wounded)
You shoot an arrow.
The arrow hits the ogre but does no damage.
The ogre is heavily wounded.
The ogre closely misses you.
Firing (i - inventory):
d - 32 arrows (quivered)
Press: ? - help, Shift-Dir - straight line, f/p - ogre
Aim: an ogre, wielding a giant club (heavily wounded)
You shoot an arrow. The arrow hits the ogre.
The ogre is severely wounded.
The ogre hits you with a giant club!
Ouch! That really hurt!
You die...

...(...... #........#
+## #...(....+ ..
#........# .#
#........# #.#
#........# ..#
#........########..#
#(...O@..'.........#
..(.(.....#######.#.#
(.++####### #.# # #.#
#<# ###


You could see an ogre.

Vanquished Creatures
  2 oozes (D:1)
  A dart slug (D:2)
  2 leopard geckos (D:1)
  5 bats
  2 goblins
  3 hobgoblins
  A ball python (D:1)
  2 frilled lizards
  11 kobolds
  4 rats (D:1)
33 creatures vanquished.

Notes
Turn   | Place    | Note
-------+----------+-------------------------------------------
     0 | D:1      | maniacrov the Centaur Hunter began the quest for the Orb.
     0 | D:1      | Reached XP level 1. HP: 17/17 MP: 1/1
    28 | D:1      | Reached XP level 2. HP: 17/24 MP: 2/2
   156 | D:1      | Reached skill level 6 in Bows
   287 | D:1      | Reached XP level 3. HP: 30/30 MP: 3/3
  1052 | D:2      | Found a shadowy altar of Dithmenos.
  1336 | D:3      | Noticed an ogre
  1348 | D:3      | Slain by an ogre

Skill      XL: |  1  2 |
---------------+-------+-----
Bows           | 6 |  6.4
Fighting       | |  2.4
Dodging        | |  1.6
Stealth        | |  0.4

Action                   || total
-------------------------++-------
 Fire: Shortbow          ||    94
  Use: Scroll            ||     3
Armor: Leather armour    ||    17
Dodge: Dodged            ||    17
